 Dungeon Crawl Stone Soup version bcrawl-1.22 (webtiles) character file.

Game seed: 8189563426475048869

353 diana the Skirmisher (level 6, -1/51 HPs)
             Began as a Demonspawn Gladiator on May 10, 2020.
             Was an Initiate of Okawaru.
             Slain by an orc priest
             ... wielding a +0 dagger
              (3 damage)
             ... on level 4 of the Dungeon.
             The game lasted 00:08:06 (4660 turns).

diana the Skirmisher (Demonspawn Gladiator)         Turns: 4660, Time: 00:08:06

Health: -1/51      AC:  4    Str: 17      XL:     6   Next: 35%
Magic:  0/6        EV: 14    Int:  8 (9)  God:    Okawaru [......]
Gold:   170        SH:  1    Dex: 14      Spells: 5/5 levels left

rFire    . . .     SeeInvis .   a - +0 long sword
rCold    . . .     Gourm    .   (no shield)
rNeg     . . .     Faith    .   b - +0 leather armour
rPois    .         Spirit   +   c - +0 helmet
rElec    .         Reflect  .   j - scarf {stasis}
rCorr    .         Harm     .   (no gloves)
MR       .....                  (no boots)
Stlth    +.........             (no amulet)
HPRegen  0.17/turn              (no ring)
MPRegen  0.10/turn              (no ring)

@: no status effects
A: repulsion field 1, powered by pain 1, magic shield
a: Renounce Religion


You were on level 4 of the Dungeon.
You worshipped Okawaru.
Okawaru was noncommittal.
You were very hungry.

You visited 1 branch of the dungeon, and saw 4 of its levels.

You collected 170 gold pieces.

Inventory:

Hand Weapons
 a - a +0 long sword (weapon)
Missiles
 d - 2 throwing nets (quivered) {!f}
Armour
 b - a +0 leather armour (worn)
 c - a +0 helmet (worn)
 j - a scarf of stasis (worn)
Scrolls
 f - a scroll of identify
 g - 4 scrolls of teleportation
 i - a scroll of enchant weapon {unknown}
 k - a scroll of amnesia {unknown}
 l - a scroll of remove curse {unknown}
Potions
 h - a potion of resistance
Comestibles
 e - 4 rations {!d}


   Skills:
 * Level 5.3 Fighting
 + Level 4.1 Long Blades
 - Level 1.7 Throwing
 - Level 2.0 Armour
 - Level 2.6 Dodging


You had 5 spell levels left.
You didn't know any spells.
Your spell library contained the following spells:

 Spells                   Type           Power        Failure   Level  Hunger
 Magic Dart               Conj           #...         45%         1    ##.....
 Blink                    Tloc           N/A          61%         2    ###....
 Call Imp                 Summ           #.....       61%         2    ###....
 Conjure Flame            Conj/Fire      #.......     83%         3    ####...
 Mephitic Cloud           Conj/Pois/Air  #.......     83%         3    ####...
 Spider Form              Tmut/Pois      #..          83%         3    ####...


Dungeon Overview and Level Annotations

Branches:
Dungeon (4/12)
 Temple: D:4-7

Altars:
Hepliaklqana
Okawaru
Sif Muna
The Shining One


Innate Abilities, Weirdness & Mutations

You are surrounded by a mild repulsion field. (EV +2)
You sometimes gain a little power by taking damage.
When hurt, damage is shared between your health and your magic reserves.


Message History

The orc priest calls down the wrath of Beogh upon you.
Pain shoots through your body!
* * * LOW HITPOINT WARNING * * *
The orc hits you.
* * * LOW HITPOINT WARNING * * *
You hit the orc priest but do no damage.
The orc priest is almost dead.
The orc hits you but does no damage.
The orc priest hits you but does no damage.
You barely miss the orc priest.
The orc priest is almost dead.
The orc closely misses you.
The orc priest hits you with a +0 dagger.
* * * LOW HITPOINT WARNING * * *
Okay, then.
You hit the orc priest but do no damage.
The orc priest is almost dead.
The orc closely misses you.
The orc priest hits you with a +0 dagger.
You die...

...5o§..>..#
#....hg.g....#
.###.#.#.#.#
##.##.###..#.#
#.##.......# #.# #
.#.#.<.###.... #.# ..#
.##....# #### ###.###..#.
.###...#########..........
.# #.............#..#..#..
#.#.#########oo#..#..#.
#..........[[@..#..#..#
##.##########.#..#..#..
#..#..#..#. ##.........
#...###.## #.### .. #.#
#.# #.#


You could see an orc priest and an orc.

Vanquished Creatures
  An ice beast (D:3)
  A crimson imp (D:4)
  A worker ant (D:2)
  4 adders
  7 gnolls
  2 oozes
  2 worms (D:2)
  4 dart slugs
  6 leopard geckos
  2 orcs
  13 bats
  4 giant cockroaches (D:1)
  2 goblins
  7 hobgoblins
  3 jackals (D:4)
  A quokka (D:3)
  A ball python (D:2)
  A frilled lizard (D:2)
  12 kobolds
  5 rats
79 creatures vanquished.

Notes
Turn   | Place    | Note
-------+----------+-------------------------------------------
     0 | D:1      | diana the Demonspawn Gladiator began the quest for the Orb.
     0 | D:1      | Reached XP level 1. HP: 16/16 MP: 1/1
   267 | D:1      | Gained mutation: You are surrounded by a mild repulsion
                  | field. (EV +2) [demonic ancestry]
   267 | D:1      | Reached XP level 2. HP: 20/23 MP: 2/2
   526 | D:1      | Reached skill level 1 in Armour
   554 | D:1      | Gained mutation: When hurt, damage is shared between your
                  | health and your magic reserves. [demonic ancestry]
   554 | D:1      | Reached XP level 3. HP: 19/28 MP: 3/3
   914 | D:1      | Reached skill level 3 in Fighting
  1311 | D:2      | Found a hazy altar of Hepliaklqana.
  1631 | D:2      | Reached XP level 4. HP: 25/35 MP: 4/4
  2498 | D:2      | Found a shimmering blue altar of Sif Muna.
  2541 | D:3      | Found an iron altar of Okawaru.
  2550 | D:3      | Became a worshipper of Warmaster Okawaru
  2584 | D:3      | Noticed an ogre
  2682 | D:3      | Noticed an ice beast
  2952 | D:3      | Gained mutation: You sometimes gain a little power by
                  | taking damage. [demonic ancestry]
  2952 | D:3      | Reached XP level 5. HP: 24/42 MP: 2/5
  3178 | D:3      | Reached skill level 4 in Fighting
  3541 | D:3      | Found a glowing golden altar of the Shining One.
  3606 | D:3      | Killed an ice beast
  4167 | D:4      | Reached XP level 6. HP: 47/50 MP: 6/6
  4240 | D:4      | Reached skill level 5 in Fighting
  4657 | D:4      | HP: 2/51 [orc (1)]
  4660 | D:4      | Slain by an orc priest

Skill      XL: |  1  2  3  4  5  6 |
---------------+-------------------+-----
Long Blades    | 3 4 |  4.1
Armour         | 1 2 |  2.0
Fighting       | 3 4 5 |  5.3
Throwing       | |  1.7
Dodging        | |  2.6

Action                   |  1- 3 |  4- 6 || total
-------------------------+-------+-------++-------
Melee: Long sword        |   132 |   192 ||   324
Throw: Throwing net      |     2 |     1 ||     3
  Use: Potion            |     2 |     2 ||     4
       Scroll            |       |     2 ||     2
  Eat: Chunk             |     2 |     9 ||    11
Armor: Leather armour    |    35 |    58 ||    93
Dodge: Dodged            |    98 |   184 ||   282
Block: Other             |     1 |     1 ||     2
